 Dungeon Crawl Stone Soup version 0.30-a0-509-gd016549fea (webtiles) character file.

Game seed: 8715812003904225968

79 Goblin1989 the Covered (level 4, 0/40 HPs)
             Began as an Armataur Fighter on Nov 26, 2022.
             Slain by Grinder (3 damage)
             ... on level 3 of the Dungeon on Dec 22, 2022.
             The game lasted 00:02:43 (2028 turns).

Goblin1989 the Covered (Armataur Fighter)           Turns: 2028, Time: 00:02:44

Health: 0/40       AC:  8    Str: 23    XL:     4   Next: 17%
Magic:  4/4        EV:  7    Int:  8    God:
Gold:   83         SH:  4    Dex: 10    Spells: 3/3 levels left

rFire   . . .      SeeInvis .    a - +0 flail
rCold   . . .      Faith    .    c - +0 buckler
rNeg    . . .      Spirit   .    b - +0 scale mail
rPois   +          Reflect  .    g - +0 helmet
rElec   .          Harm     .    (no cloak)
rCorr   .          Roll     +    (no gloves)
Will    .....                    (no barding)
Stlth   ..........               (no amulet)
HPRegen 0.26/turn                t - ring of poison resistance
MPRegen 0.09/turn                (no ring)

@: mighty
A: large, rugged brown scales 3, deformed body, armoured tail, roll, long
tongue, awkward tongue
a: no special abilities


You were on level 3 of the Dungeon.
You visited 1 branch of the dungeon, and saw 3 of its levels.

You collected 83 gold pieces.

Inventory:

Hand Weapons
 a - a +0 flail (weapon)
Missiles
 h - 3 throwing nets (quivered) {!d , @Q1}
Armour
 b - a +0 scale mail (worn)
 c - a +0 buckler (worn)
 g - a +0 helmet (worn)
Jewellery
 t - a ring of poison resistance (left hand)
Wands
 r - a wand of mindburst (11)
Scrolls
 e - 2 scrolls of enchant weapon {unknown}
 f - a scroll of vulnerability {unknown}
 j - a scroll of identify {unknown}
 l - a scroll of immolation {unknown}
 m - a scroll of blinking {unknown}
 p - a scroll of noise {unknown}
 s - 2 scrolls of amnesia {unknown}
 u - a scroll of poison {unknown}
Potions
 i - a potion of invisibility {unknown}
 k - a potion of brilliance {unknown}
 n - a potion of magic {unknown}
 o - a potion of flight {unknown}
 q - a potion of berserk rage {unknown}
 v - a potion of ambrosia {unknown}
 w - a potion of haste {unknown}


   Skills:
 + Level 3.1 Fighting
 * Level 2.9 Maces & Flails
 + Level 4.2 Armour
 + Level 3.8 Shields


You had 3 spell levels left.
You didn't know any spells.
Your spell library contained the following spells:

 Spells                   Type           Power      Damage    Failure   Level
 Call Canine Familiar     Summ           0%         N/A       98%         3
 Portal Projectile        Hex/Tloc       0%         N/A       98%         3
 Leda's Liquefaction      Hex/Erth       0%         N/A       100%        4


Dungeon Overview and Level Annotations

Branches:
Dungeon (3/15) Zot: 15936

Altars:
Qazlal

Annotations:
D:3 Grinder


Innate Abilities, Weirdness & Mutations

You are completely covered in rugged brown scales. (AC +3, +7% HP)
Armour fits poorly on your strangely shaped body.
You have a long armoured tail.
You roll when moving toward enemies. (Rampage)
Your long tongue fully drains potion bottles. (2x potion effects)
Your tongue gives you trouble enunciating. (1.5x scroll delay)


Message History

The rat bites you but does no damage.
You barely miss the rat. The rat barely misses you.
You sock the rat!
You kill the rat!
No target in view!
No target in view!
No target in view!
No target in view!
No target in view!
No target in view!
No target in view!
No target in view!
No target in view!
No target in view!
No target in view!
There is a stone staircase leading up here.
Found a stone staircase leading up.
A rat comes into view.
The rat twitches its whiskers.
A rat is nearby!
You roll towards the rat!
You closely miss the rat.
The rat bites you but does no damage. x2
You barely miss the rat.
Your tail-slap misses the rat.
The rat bites you but does no damage.
You hit the rat. You tail-slap the rat.
You kill the rat!
No target in view!
No target in view!
No target in view!
No target in view!
No target in view!
No target in view!
No target in view!
No target in view!
No target in view!
No target in view!
No target in view!
You now have 83 gold pieces (gained 15).
You see here a rat corpse.
Found a stone staircase leading down.
Found a rapier.
Grinder comes into view.
Found a sling.
Grinder shouts!
You hear a shout!
A kobold comes into view. It is wielding a +0 short sword.
Grinder blinks!
You barely miss Grinder. You tail-slap Grinder.
Grinder is lightly wounded.
Grinder hits you but does no damage.
You barely miss Grinder.
Your tail-slap misses Grinder.
Grinder is lightly wounded.
Grinder barely misses you. You block Grinder's attack.
The kobold hits you but does no damage.
You sock Grinder!
You tail-slap Grinder, but do no damage.
Grinder is moderately wounded.
Grinder gestures at you. You resist with significant effort.
The kobold hits you but does no damage.
You sock Grinder!
Grinder is heavily wounded.
Grinder hits you!
You writhe in agony.
The kobold barely misses you.
You take 10 damage, and have 30/40 hp.
MASSIVE DAMAGE!!
You barely miss Grinder.
Grinder is heavily wounded.
Grinder hits you!
You writhe in agony.
The kobold hits you with a +0 short sword.
* * * LOW HITPOINT WARNING * * *
You are too injured to fight recklessly!
You take 13 damage, and have 17/40 hp.
MASSIVE DAMAGE!!
You are too injured to fight recklessly!
You are too injured to fight recklessly!
You are too injured to fight recklessly!
You are too injured to fight recklessly!
You are too injured to fight recklessly!
You are too injured to fight recklessly!
You are too injured to fight recklessly!
You are too injured to fight recklessly!
You are too injured to fight recklessly!
You are too injured to fight recklessly!
You are too injured to fight recklessly!
You are too injured to fight recklessly!
You are too injured to fight recklessly!
You are too injured to fight recklessly!
You are too injured to fight recklessly!
You are too injured to fight recklessly!
You are too injured to fight recklessly!
You are too injured to fight recklessly!
You slurp down every last drop of the potion of might {@q4}!
You feel very mighty all of a sudden. Grinder hits you!
* * * LOW HITPOINT WARNING * * *
You writhe in agony.
* * * LOW HITPOINT WARNING * * *
The kobold barely misses you.
You take 14 damage, and have 3/40 hp.
MASSIVE DAMAGE!!
You completely miss Grinder.
Grinder is heavily wounded.
Grinder says, "Tell me all your secrets, or I'll kill you."
Grinder hits you.
You die...

█ ████.█.█ ...█.
......█ █
...█.██.█)..██.
█....?........
█..........█████
██...............
█.............).█
███.█..█.....█
..........@K.███
.........5....█ █
█.██....█..█.█
█.██.......█..█.█
█.................
█........████.█>██
█......†......█.████
█.......██.........█
█.......██.█.█████.█


You could see Grinder and a kobold.

Vanquished Creatures
  4 gnolls (D:2)
  An adder (D:3)
  2 worms (D:2)
  2 endoplasms (D:1)
  A giant cockroach (D:1)
  3 hobgoblins (D:1)
  A jackal (D:2)
  2 quokkas (D:1)
  2 ball pythons
  4 bats (D:1)
  4 kobolds
  4 rats
30 creatures vanquished.

Notes
Turn   | Place    | Note
-------+----------+-------------------------------------------
     0 | D:1      | Goblin1989 the Armataur Fighter began the quest for the
                  | Orb.
     0 | D:1      | Reached XP level 1. HP: 19/19 MP: 1/1
     0 | D:1      | Upgraded the game from 0.30-a0-374-g95c0257040 to
                  | 0.30-a0-509-gd016549fea
   198 | D:1      | Reached XP level 2. HP: 26/26 MP: 2/2
  1047 | D:2      | Reached skill level 4 in Armour
  1047 | D:2      | Reached XP level 3. HP: 31/33 MP: 3/3
  1555 | D:2      | Reached XP level 4. HP: 8/40 MP: 4/4
  1777 | D:2      | Found a stormy altar of Qazlal.
  2018 | D:3      | Noticed Grinder
  2028 | D:3      | Slain by Grinder

Illustrated notes

Levels and vault maps discovered:
D:1:      arrival_zaba_pyramid, layout_basic
D:2:      minmay_wonky_spiral, layout_loops_corners, basic_altar,
          kennysheep_pointless_box, patterned_corridor
D:3:      layout_loops_cross, yredelemnul_altar_generic,
          gammafunk_temple_overflow_forgotten,
          dreamdust_ecumenical_altar_angels_and_demons, uniq_sigmund,
          uniq_terence, uniq_grinder

Skill      XL: |  1  2 |
---------------+-------+-----
Maces & Flails | 2 |  2.9
Fighting       | 3 |  3.1
Armour         | 4 |  4.2
Shields        | |  3.8

Action                   |  1- 3 |  4- 6 || total
-------------------------+-------+-------++-------
Melee: Flail             |    98 |    15 ||   113
       Tailslap          |     9 |     3 ||    12
  Use: Potion            |       |     1 ||     1
Armor: Scale mail        |    53 |    10 ||    63
Dodge: Dodged            |    37 |     6 ||    43
Block: Buckler           |    23 |     1 ||    24

Table legend: (Time is in decaauts)
 A = Elapsed time spent in this place.
 B = Non-inter-level travel time spent in this place.
 C = Inter-level travel time spent in this place.
 D = Time resting spent in this place.
 E = Time spent auto-exploring this place.
 F = Levels seen in this place.
 G = Mean time per level.
                   A        B        C        D        E       F      G
               +--------+--------+--------+--------+--------+-----+--------+
         Total |   2062 |   2013 |     49 |      0 |   1740 |   3 |  687.3 |
       Dungeon |   2062 |   2013 |     49 |      0 |   1740 |   3 |  687.3 |
               +--------+--------+--------+--------+--------+-----+--------+

Top non-repeatable levels by time:
     D:2: 1251 daAuts
     D:1: 744 daAuts
     D:3: 65 daAuts
